 Dungeon Crawl Stone Soup version 0.22.1-2-g9c5b331383 (webtiles) character file.

260 Gargoyl the Skirmisher (level 5, -7/46 HPs)
             Began as a Centaur Abyssal Knight on Jan 2, 2019.
             Was a Priest of Lugonu.
             Mangled by an ogre
             ... wielding a +0 giant spiked club
              (8 damage)
             ... on level 5 of the Dungeon.
             The game lasted 00:05:31 (3715 turns).

Gargoyl the Skirmisher (Centaur Abyssal Knight)     Turns: 3715, Time: 00:05:32

Health: -7/46      AC: 12    Str: 14    XL:     5   Next: 95%
Magic:  7/7        EV: -2    Int: 11    God:    Lugonu [***...]
Gold:   62         SH: 10    Dex: 10    Spells: 4/4 levels left

rFire    + . .     SeeInvis .   a - +3 hand axe
rCold    . . .     Gourm    .   s - +0 large shield
rNeg     + . .     Faith    .   l - +0 plate armour
rPois    .         Spirit   .   e - +1 helmet
rElec    .         Reflect  .   p - +0 cloak
rCorr    .         Harm     .   (no gloves)
MR       .....                  (no barding)
Stlth    ..........             (no amulet)
HPRegen  0.15/turn              r - ring of protection from fire
MPRegen  0.10/turn              g - ring of positive energy

@: very quick
A: large, hooves 3, deformed body, speed 2, tough skin 3
a: Depart the Abyss, Bend Space, Banish, Renounce Religion


You were on level 5 of the Dungeon.
You worshipped Lugonu.
Lugonu was most pleased with you.
You were not hungry.

You visited 1 branch of the dungeon, and saw 5 of its levels.
You visited the Abyss 1 time.

You collected 117 gold pieces.
You spent 55 gold pieces at shops.

Inventory:

Hand Weapons
 a - a +3 hand axe (weapon)
Missiles
 t - 2 javelins (quivered)
Armour
 e - a +1 helmet (worn)
 l - a +0 plate armour (worn)
 p - a +0 cloak (worn)
 s - a +0 large shield (worn)
Jewellery
 g - a ring of positive energy (right hand)
 r - a ring of protection from fire (left hand)
Wands
 i - a wand of polymorph (10)
 u - a wand of acid (12)
Scrolls
 b - 4 scrolls of remove curse
 d - a scroll of teleportation {unknown}
 m - 3 scrolls of identify
Potions
 f - 3 potions of heal wounds
 h - a potion of berserk rage {unknown}
 j - 3 potions of might
 k - a potion of ambrosia {unknown}
 n - 2 potions of brilliance {unknown}
 o - a potion of invisibility {unknown}
 q - a potion of curing
 v - a potion of cancellation {unknown}
Comestibles
 c - 8 rations


   Skills:
 + Level 3.6 Fighting
 + Level 3.2 Axes
 * Level 3.0 Armour
 + Level 0.7 Dodging
 + Level 0.3 Shields
 * Level 3.4 Invocations


You had 4 spell levels left.
You didn't know any spells.
Your spell library was empty.

Dungeon Overview and Level Annotations

Branches:
Dungeon (5/15)
 Temple: D:4-7

Altars:
Elyvilon
Hepliaklqana
Makhleb
Sif Muna
Xom

Shops:
D:5 *


Innate Abilities, Weirdness & Mutations

You have hooves in place of feet.
Armour fits poorly on your strangely shaped body.
You cover ground very quickly.
You have extremely tough skin. (AC +3)


Message History

The ogre hits you with a giant spiked club!
You hit the ogre. You kick the ogre.
The ogre is moderately wounded.
You block the ogre's attack.
Your shield and plate armour prevent you from hitting the ogre.
You kick the ogre.
The ogre is moderately wounded.
The ogre hits you with a giant spiked club!
Your plate armour prevents you from hitting the ogre.
The ogre is moderately wounded.
The ogre hits you with a giant spiked club!
Your shield and plate armour prevent you from hitting the ogre.
The ogre is moderately wounded.
The ogre hits you with a giant spiked club!
* * * LOW HITPOINT WARNING * * *
Your plate armour prevents you from hitting the ogre.
You kick the ogre!
The ogre is heavily wounded.
The ogre hits you with a giant spiked club!
You die...

...#.......##..##
#.......###### .. .
#>...........# ...
..#+####'###..#####..
...........# .#....#
#.........#+##....#
+.................#
#..............>..#
######'###....@O..#
#....#........#
#....#....#####
#....#....#
#....#....#
######....# ######


You could see an ogre.

Vanquished Creatures
  Crazy Yiuf (D:2)
  An orc wizard (D:4)
  Terence (D:2)
  An iguana (D:4)
  A howler monkey skeleton (D:4)
  3 adders
  A shadow imp (D:5)
  An ooze (D:2)
  An adder skeleton (D:4)
  A worm (D:3)
  A dart slug (D:1)
  2 leopard geckos
  10 orcs
  A ball python (D:1)
  2 giant cockroaches
  5 goblins
  16 hobgoblins
  9 jackals
  6 kobolds
  3 bats
  7 frilled lizards
  9 rats
83 creatures vanquished.

Notes
Turn   | Place    | Note
-------+----------+-------------------------------------------
     0 | Abyss:1  | Gargoyl the Centaur Abyssal Knight began the quest for the
                  | Orb.
     0 | Abyss:1  | Reached XP level 1. HP: 19/19 MP: 2/2
   106 | Abyss:1  | Found a bloodstained altar of Trog.
   112 | Abyss:1  | Found a bloodstained altar of Trog.
   123 | Abyss:1  | Found a bloodstained altar of Trog.
   143 | Abyss:1  | Noticed a wretched star
   156 | D:1      | Escaped the Abyss
   166 | D:1      | Reached * piety under Lugonu
   338 | D:1      | Reached XP level 2. HP: 24/26 MP: 3/3
   738 | D:2      | Reached XP level 3. HP: 29/31 MP: 4/4
   896 | D:2      | Reached ** piety under Lugonu
   999 | D:2      | Noticed Terence
  1011 | D:2      | Killed Terence
  1011 | D:2      | Reached XP level 4. HP: 33/38 MP: 4/6
  1259 | D:2      | Found a burning altar of Makhleb.
  1260 | D:2      | Found a shimmering altar of Xom.
  1501 | D:2      | Found a runed door.
  1768 | D:2      | Noticed Crazy Yiuf
  1781 | D:2      | Killed Crazy Yiuf
  1959 | D:3      | Reached XP level 5. HP: 44/45 MP: 7/7
  2858 | D:4      | Reached *** piety under Lugonu
  2996 | D:4      | Found a deep blue altar of Sif Muna.
  2996 | D:4      | Found a white marble altar of Elyvilon.
  3156 | D:4      | Found a hazy altar of Hepliaklqana.
  3441 | D:5      | Entered Level 5 of the Dungeon
  3632 | D:5      | Found Citywne's General Store.
  3639 | D:5      | Bought a potion of heal wounds for 55 gold pieces
  3705 | D:5      | Noticed an ogre
  3714 | D:5      | HP: 1/46 [ogre/giant spiked club (13)]
  3715 | D:5      | Mangled by an ogre

Skill      XL: |  1  2  3  4  5 |
---------------+----------------+-----
Axes           | 2 3 |  3.2
Armour         | 2 3 |  3.0
Invocations    | 3 |  3.4
Fighting       | |  3.6
Dodging        | |  0.7
Shields        | |  0.3

Action                   |  1- 3 |  4- 6 || total
-------------------------+-------+-------++-------
Melee: Hand axe          |    85 |   148 ||   233
       Kick              |    12 |    30 ||    42
Throw: Javelin           |       |     2 ||     2
Invok: Depart the Abyss  |     1 |       ||     1
  Use: Scroll            |     4 |     3 ||     7
       Potion            |     1 |       ||     1
  Eat: Ration            |       |     1 ||     1
       Chunk             |       |     3 ||     3
Armor: Leather armour    |    22 |       ||    22
       Chain mail        |    13 |    20 ||    33
       Plate armour      |       |    94 ||    94
       Skin              |       |     4 ||     4
Dodge: Dodged            |    34 |    16 ||    50
Block: Large shield      |       |    29 ||    29
